 Dungeon Crawl Stone Soup version 0.27-a0-577-ge2a43ba0c9 (webtiles) character file.

Game seed: 11816353364929599315

1208 tibo the Fighter (level 8, -3/74 HPs)
             Began as a Minotaur Fighter on Mar 9, 2021.
             Shot with an arrow by a centaur (9 damage)
             ... on level 7 of the Dungeon.
             The game lasted 00:16:36 (5903 turns).

tibo the Fighter (Minotaur Fighter)                 Turns: 5903, Time: 00:16:37

Health: -3/74      AC:  8    Str: 23    XL:     8   Next: 21%
Magic:  7/7        EV: 10    Int:  5    God:
Gold:   231        SH:  7    Dex: 10    Spells: 7/7 levels left

rFire    . . .     SeeInvis .   a - +1 war axe
rCold    . . .     Faith    +   x - +2 buckler
rNeg     . . .     Spirit   .   b - +1 scale mail
rPois    .         Reflect  .   (helmet restricted)
rElec    .         Harm     .   (no cloak)
rCorr    .         Rampage  .   (no gloves)
Will     .....                  (no boots)
Stlth    ..........             k - amulet of faith
HPRegen  0.22/turn              (no ring)
MPRegen  0.10/turn              (no ring)

@: about to teleport
A: horns 2, retaliatory headbutt
a: no special abilities


You were on level 7 of the Dungeon.
You visited 1 branch of the dungeon, and saw 7 of its levels.

You collected 381 gold pieces.
You spent 150 gold pieces at shops.

Inventory:

Hand Weapons
 a - a +1 war axe (weapon)
Missiles
 j - 52 poisoned darts
Armour
 b - a +1 scale mail (worn)
 q - a +0 barding
 x - a +2 buckler (worn)
Jewellery
 k - an amulet of faith (around neck)
 p - an amulet of regeneration
 w - a ring of fire
 y - a ring of protection from cold
Wands
 r - a wand of flame (8) (quivered)
Scrolls
 c - 3 scrolls of immolation {unknown}
 e - 5 scrolls of teleportation
 f - 2 scrolls of enchant armour
 g - 6 scrolls of identify
 m - 2 scrolls of fog
Potions
 d - a potion of might
 h - a potion of attraction
 i - 2 potions of lignification
 l - a potion of berserk rage
 n - a potion of mutation {unknown}
 o - a potion of resistance {unknown}
 s - a potion of curing {unknown}
 t - a potion of heal wounds {unknown}
 u - a potion of cancellation {unknown}
 v - 2 potions of brilliance {unknown}


   Skills:
 * Level 8.1 Fighting
 + Level 6.1 Axes
 + Level 6.4 Armour
 + Level 6.3 Shields


You had 7 spell levels left.
You didn't know any spells.
Your spell library contained the following spells:

 Spells                   Type           Power      Damage    Failure   Level
 Corona                   Hex            0%         N/A       77%         1
 Ensorcelled Hibernation  Hex/Ice        0%         N/A       88%         2
 Confusing Touch          Hex            0%         N/A       98%         3
 Dazzling Flash           Conj/Hex       0%         N/A       98%         3
 Tukima's Dance           Hex            0%         N/A       98%         3


Dungeon Overview and Level Annotations

Branches:
Dungeon (7/15)
 Temple: D:4-7

Altars:
Cheibriados
Gozag
Kikubaaqudgha
Nemelex Xobeh
Ru
Uskayaw
The Shining One

Shops:
D:6 [[


Innate Abilities, Weirdness & Mutations

You have a pair of horns on your head.
You reflexively headbutt those who attack you in melee.


Message History

You furiously retaliate!
You headbutt the phantom!
A centaur comes into view.
The centaur shouts!
The iguana closely misses you. The hound barely misses you.
The electric eel shoots out a bolt of lightning at you!
The bolt of electricity hits you!
* * * LOW HITPOINT WARNING * * *
The bolt of electricity hits you!
* * * LOW HITPOINT WARNING * * *
The bolt of electricity hits the orc!
The orc dies!
The phantom hits you.
* * * LOW HITPOINT WARNING * * *
The phantom blinks!
You blink.
The centaur moves out of view.
A jelly, an orc and an orc warrior come into view.
The orc warrior is wielding a +1 glaive of flaming.
The jelly quivers.
The orc warrior shouts!
The orc shouts!
You hear two shouts!
The phantom hits you.
Keep disrobing? [Y]es or [N]o only, please.
Keep disrobing? [Y]es or [N]o only, please.
Keep disrobing? [Y]es or [N]o only, please.
Keep disrobing?
You stop removing your amulet.
* * * LOW HITPOINT WARNING * * *
The phantom blinks!
You blink.
Splash!
You fall into the shallow water.
Moving in this stuff is going to be slow.
The jelly moves out of view.
The orc warrior moves out of view.
The orc moves out of view.
As you read the scroll of teleportation, it crumbles to dust.
You feel strangely unstable.
The centaur wields a +0 shortbow.
The centaur shoots an arrow.
The arrow closely misses you.
The phantom hits you but does no damage.
The centaur shoots an arrow.
The arrow hits you!
You die...

...####.# ### #.##
#.# .# #.# #.# # .#
#.# #.# #.# .# .?#
#†###.#####.# ###
###...........##
#####.....c........#
.....#........W...#
######...Z....≈≈@.#
##..l.h..≈..≈.#
##≈§..≈;..≈..≈≈≈#
#≈≈..≈..≈..≈..≈≈≈#
#≈≈..≈..≈⌠.≈...≈≈#
#≈≈.)o≈.⌠≈..≈..≈≈#
#≈≈≈..≈o.≈..≈..≈≈#
##≈≈≈..≈..≈≈...≈##
##.≈..≈.....


You could see a phantom, a centaur, a hound, an electric eel, an orc and a
worker ant zombie.

Vanquished Creatures
  A water moccasin (D:7)
  An ice beast (D:5)
  A black bear (D:6)
  A centaur (D:5)
  An ogre (D:7)
  A phantom (D:4)
  A gnoll sergeant (D:6)
  3 scorpions
  2 hounds
  2 orc priests (D:5)
  3 orc wizards
  2 iguanas (D:5)
  A worker ant (D:5)
  A worker ant zombie (D:5)
  4 gnolls (D:6)
  4 adders
  A shadow imp (D:7)
  A white imp (D:5)
  2 ufetubi
  3 oozes
  An adder skeleton (D:4)
  3 worms
  2 dart slugs (D:1)
  A leopard gecko (D:3)
  7 orcs
  7 bats
  4 giant cockroaches
  2 goblins
  7 hobgoblins
  5 jackals
  9 kobolds
  7 quokkas
  2 ball pythons
  3 frilled lizards
  A leopard gecko skeleton (D:4)
  6 rats
103 creatures vanquished.

Vanquished Creatures (others)
  An orc (D:7)
1 creature vanquished.

Grand Total: 104 creatures vanquished

Notes
Turn   | Place    | Note
-------+----------+-------------------------------------------
     0 | D:1      | tibo the Minotaur Fighter began the quest for the Orb.
     0 | D:1      | Reached XP level 1. HP: 19/19 MP: 0/0
   261 | D:1      | Reached XP level 2. HP: 27/27 MP: 1/1
   886 | D:2      | Reached skill level 4 in Fighting
   886 | D:2      | Reached XP level 3. HP: 17/33 MP: 2/2
  1203 | D:2      | Found a hide-covered altar of Uskayaw.
  1558 | D:2      | Reached XP level 4. HP: 37/40 MP: 3/3
  2972 | D:4      | Reached XP level 5. HP: 44/47 MP: 4/4
  2996 | D:4      | Found an ancient bone altar of Kikubaaqudgha.
  3012 | D:4      | Noticed a phantom
  3023 | D:4      | Killed a phantom
  3024 | D:4      | Reached skill level 5 in Fighting
  3518 | D:5      | Entered Level 5 of the Dungeon
  3587 | D:5      | Reached XP level 6. HP: 53/56 MP: 5/5
  3622 | D:5      | Reached skill level 5 in Armour
  3622 | D:5      | Reached skill level 5 in Shields
  3801 | D:5      | Reached skill level 6 in Fighting
  3955 | D:5      | Noticed an ice beast
  3958 | D:5      | Killed an ice beast
  3959 | D:5      | Reached skill level 5 in Axes
  3959 | D:5      | Reached XP level 7. HP: 52/64 MP: 6/6
  4577 | D:6      | Found a snail-covered altar of Cheibriados.
  4618 | D:6      | Found a glowing golden altar of the Shining One.
  4620 | D:6      | Found a sacrificial altar of Ru.
  4640 | D:6      | Found Viosha's Antique Armour Boutique.
  4649 | D:6      | Bought a shiny buckler for 150 gold pieces
  4694 | D:6      | Found a sand-covered staircase.
  4811 | D:6      | Found Miakeuna's Antique Armour Shop.
  4929 | D:6      | Reached skill level 7 in Fighting
  5255 | D:6      | Found a sparkling altar of Nemelex Xobeh.
  5256 | D:6      | Found an opulent altar of Gozag.
  5580 | D:7      | Reached XP level 8. HP: 60/74 MP: 7/7
  5766 | D:7      | Reached skill level 8 in Fighting
  5903 | D:7      | Shot with an arrow by a centaur

Illustrated notes

Levels and vault maps discovered:
D:1:      nicolae_arrival_memento_mori, layout_basic
D:2:      layout_basic, tgw_trog, nicolae_uskayaw_suspiria
D:3:      layout_loops_corners, minmay_misc_feat_rows, corexii_leaking_fountain
D:4:      layout_loops_ring, kennysheep_mini_moat
D:5:      lemuel_ice_spiral_2, layout_basic
D:6:      layout_basic, grunt_temple_overflow_opulence,
          grunt_temple_overflow_open, nicolae_ossuary_entry_ruins, serial_shops,
          shop, nicolae_shop_trees
D:7:      cheibrodos_helix_gallery, layout_loops_ring,
          minmay_temple_entry_arrows

Skill      XL: |  1  2  3  4  5  6  7  8 |
---------------+-------------------------+-----
Axes           | 3 4 5 6 |  6.1
Fighting       | 4 5 6 7 8 |  8.1
Armour         | 4 5 6 |  6.4
Shields        | 4 5 6 |  6.3

Action                   |  1- 3 |  4- 6 |  7- 9 || total
-------------------------+-------+-------+-------++-------
Melee: War axe           |    97 |   118 |    88 ||   303
       Headbutt          |    11 |    21 |    18 ||    50
Throw: Dart              |       |       |     2 ||     2
  Use: Scroll            |       |       |     9 ||     9
       Potion            |       |       |     3 ||     3
Armor: Scale mail        |    52 |    54 |    32 ||   138
Dodge: Dodged            |    38 |    32 |    59 ||   129
Block: Kite shield       |    75 |    72 |     7 ||   154
       Buckler           |       |       |    38 ||    38

Table legend: (Time is in decaauts)
 A = Elapsed time spent in this place.
 B = Non-inter-level travel time spent in this place.
 C = Inter-level travel time spent in this place.
 D = Time resting spent in this place.
 E = Time spent auto-exploring this place.
 F = Levels seen in this place.
 G = Mean time per level.
                   A        B        C        D        E       F      G
               +--------+--------+--------+--------+--------+-----+--------+
         Total |   6049 |   6010 |     39 |      0 |   4990 |   7 |  864.1 |
       Dungeon |   6049 |   6010 |     39 |      0 |   4990 |   7 |  864.1 |
               +--------+--------+--------+--------+--------+-----+--------+

Top non-repeatable levels by time:
     D:5: 1078 daAuts
     D:3: 1005 daAuts
     D:6: 1002 daAuts
     D:4: 947 daAuts
     D:2: 882 daAuts
     D:1: 785 daAuts
     D:7: 348 daAuts
